 Dungeon Crawl Stone Soup version 0.29-a0-529-gfa20dd96a1 (webtiles) character file.

Game seed: 13122418011364634181

7209 spaghetti the Protected (level 11, -4/71 HPs)
             Began as a Djinni Fighter on June 1, 2022.
             Was a High Priest of the Shining One.
             Slain by a freezing wraith (7 damage)
             ... on level 9 of the Dungeon.
             The game lasted 00:15:13 (7969 turns).

spaghetti the Protected (Djinni Fighter)            Turns: 7969, Time: 00:15:14

Health: -4/71      AC: 20    Str: 19    XL:     11   Next: 33%
Gold:   1430       EV:  7    Int: 10    God:    the Shining One [*****.] SH:  6 Dex: 13

rFire   + + .      SeeInvis .     - Unarmed
rCold   x . .      Faith    .   M - +2 buckler
rNeg    + + .      Spirit   .   N - +0 plate armour
rPois   ∞          Reflect  .   u - +0 helmet
rElec   .          Harm     .   L - +0 cloak
rCorr   .          Rampage  .   R - +0 pair of gloves of Idealism {+Blink rPois Slay+3 Stlth+}
Will    +....                   (boots unavailable)
Stlth   ..........              c - amulet of regeneration {@e2}
HPRegen 1.01/turn               (no ring)
MPRegen 0.00/turn               (no ring)

@: mighty, flying, slowed, glowing, very slow
A: sickness immunity, fire resistance 2, cold vulnerability 1, float, innate
caster, HP casting, extra vitality 1
a: Renounce Religion, Evoke Blink, Divine Shield, Cleansing Flame, Summon Divine
Warrior


You were on level 9 of the Dungeon.
You worshipped the Shining One.
The Shining One was extremely pleased with you.
You visited 1 branch of the dungeon, and saw 9 of its levels.
You also visited: Bailey.

You collected 1430 gold pieces.


Innate Abilities, Weirdness & Mutations

You are immune to sickness and miasma.
You are immune to poison.
Your flesh is very heat resistant. (rF++)
You are vulnerable to cold. (rC-)
You float through the air rather than walking.
You learn spells naturally, not from books.
Your magical power is your life essence.
You have superior vitality. (+4 MHP)


   Skills:
 - Level 3.0 Fighting
 - Level 8.0 Slings
 + Level 12.8 Armour
 - Level 2.7 Dodging
 - Level 3.0 Shields
 - Level 5.4 Unarmed Combat


You couldn't memorise any spells.
You knew the following spells:

 Your Spells              Type           Power      Damage    Failure   Level
a - Summon Small Mammal   Summ           0%         N/A       100%        1
b - Ensorcelled Hibernat  Hex/Ice        0%         N/A       100%        2
c - Static Discharge      Conj/Air       0%         N/A       100%        2
d - Summon Lightning Spi  Summ/Air       0%         N/A       100%        4
e - Ice Form              Ice/Tmut       0%         N/A       100%        4
Your spell library was empty.

Inventory:

Hand Weapons
 a - the +8 hunting sling of Wyrd {venom, rPois Will+ Int+2, sling}
   (You found it on level 3 of the Dungeon)

   Any ammunition fired from it poisons the flesh of those it strikes.
   Int:       It affects your intelligence (+2).
   rPois:     It protects you from poison.
   Will:      It increases your willpower.
 h - a +0 club {mace}
   (You took it off a gnoll on level 1 of the Dungeon)
 i - a +0 club {mace}
   (You took it off a kobold on level 1 of the Dungeon)
 j - a +0 long sword {long}
   (You found it on level 1 of the Dungeon)
 l - a +0 hunting sling {sling}
   (You found it on level 1 of the Dungeon)
Missiles
 b - 2 javelins {throwing}
 p - 175 stones (quivered) {throwing}
 s - 4 datura-tipped darts {throwing}
 y - 4 throwing nets {=f!fthrowing}
 C - 19 boomerangs {throwing}
 J - 22 poisoned darts {throwing}
 O - 6 curare-tipped darts {=fthrowing}
 P - 4 atropa-tipped darts {throwing}
Armour
 u - a +0 helmet (worn)
   (You took it off Robin on level 2 of the Dungeon)
 L - a +0 cloak (worn)
   (You found it on level 6 of the Dungeon)
 M - a +2 buckler (worn)
   (You found it on level 6 of the Dungeon)
 N - a +0 plate armour (worn)
   (You found it on level 7 of the Dungeon)
 R - the +0 pair of gloves of Idealism (worn) {+Blink rPois Slay+3 Stlth+}
   (You acquired it on level 9 of the Dungeon)

   Slay:      It affects your accuracy & damage with ranged weapons and melee
   (+3).
   rPois:     It protects you from poison.
   +Blink:    It lets you blink.
   Stlth:     It makes you more stealthy.
Jewellery
 c - an amulet of regeneration (around neck) {@e2}
   (You found it on level 2 of the Dungeon)
 K - a ring of protection from fire
   (You found it on level 6 of the Dungeon)
Wands
 m - a wand of flame (30)
   (You found it on level 6 of the Dungeon)
 q - a wand of paralysis (6)
   (You found it on level 8 of the Dungeon)
 r - a wand of mindburst (11)
   (You found it on level 2 of the Dungeon)
 B - a wand of iceblast (20)
   (You found it on level 4 of the Dungeon)
 I - a wand of polymorph (12)
   (You found it on level 6 of the Dungeon)
Scrolls
 e - 2 scrolls of enchant weapon
 f - 3 scrolls of poison
 g - 2 scrolls of vulnerability {!r!r}
 k - 11 scrolls of teleportation {@r4}
 o - 2 scrolls of fog
 x - a scroll of magic mapping {!r}
 H - a scroll of fear
Potions
 n - 5 potions of degeneration {!q@e2}
 t - 5 potions of curing {@q1}
 v - a potion of magic {unknown}
 w - 2 potions of cancellation {unknown}
 D - a potion of flight
 E - a potion of resistance
 G - 2 potions of might
Miscellaneous
 F - a tin of tremorstones (2/2) {throwing}
   (You found it in a bailey)

Dungeon Overview and Level Annotations

Branches:
Dungeon (9/15)             Temple (0/1) D:5            Lair (0/6) D:8
    Orc (0/2) D:9          Bailey (visited)

Altars:
Ashenzari
Makhleb
Uskayaw
Wu Jian
Xom
The Shining One

Shops:
D:6 **

Annotations:
D:9 1 exclusion

#.# #.# #.# #.#
#### #.# #.# #...
#.#######.####
#.##
###..........###.#
##.#####........##
#..# ####.......
#.## ######## #@#
#.W$# #.##.# # ###


You could see a freezing wraith.


Message History

You shoot a sling bullet. The sling bullet hits the manticore!
The manticore looks as sick as possible!
The manticore bites you but does no damage.
The manticore claws you but does no damage. x2 😮 HP[+2]
You regained 2 hp, and now have 46/71 hp.
Fire: a) +8 hunting sling of Wyrd {venom, rPois Will+ Int+2, sling}
Press: ? - help, Q - select action, (/) - cycle Shift-Dir - straight line, f/p - manticore
Aim: a manticore (almost dead, extremely poisoned, haloed, 92% to hit)
You shoot a sling bullet.
The sling bullet barely misses the manticore.
The manticore bites you!
The manticore claws you but does no damage. x2
You block the manticore's attack.
The manticore claws you but does no damage. x2 😮 HP[-9]
You take 9 damage, and now have 37/71 hp.
Fire: a) +8 hunting sling of Wyrd {venom, rPois Will+ Int+2, sling}
Press: ? - help, Q - select action, (/) - cycle Shift-Dir - straight line, f/p - manticore
Aim: a manticore (almost dead, extremely poisoned, haloed, 92% to hit)
You shoot a sling bullet. The sling bullet hits the manticore!
You kill the manticore! 😮 HP[+2]
You regained 2 hp, and now have 39/71 hp.
A freezing wraith comes into view. 😮 HP[+4]
You regained 4 hp, and now have 43/71 hp.
A freezing wraith is nearby!
A freezing wraith is nearby!
A freezing wraith is nearby!
A freezing wraith is nearby!
You are too injured to fight recklessly!
Fire: a) +8 hunting sling of Wyrd {venom, rPois Will+ Int+2, sling}
Press: ? - help, Q - select action, (/) - cycle Shift-Dir - straight line, f - freezing wraith
Aim: a freezing wraith (wandering, hasn't noticed you, haloed, 84% to hit)
You shoot a sling bullet.
The sling bullet barely misses the freezing wraith. 😮 HP[+1] Fire: a) +8 hunting sling of Wyrd {venom, rPois Will+ Int+2, sling}
Press: ? - help, Q - select action, (/) - cycle Shift-Dir - straight line, f/p - freezing wraith
Aim: a freezing wraith (haloed, 84% to hit)
You shoot a sling bullet.
The sling bullet hits the freezing wraith.
You block the freezing wraith's attack.
The freezing wraith hits you but does no damage.
You block the freezing wraith's attack. The freezing wraith hits you!
The freezing wraith drains your vigour!
You feel yourself slow down. 😮 HP[-5]
You take 5 damage, and now have 39/71 hp.
Fire: a) +8 hunting sling of Wyrd {venom, rPois Will+ Int+2, sling}
Press: ? - help, Q - select action, (/) - cycle Shift-Dir - straight line, f/p - freezing wraith
Aim: a freezing wraith (lightly damaged, haloed, 84% to hit)
You shoot a sling bullet.
The sling bullet hits the freezing wraith!
You block the freezing wraith's attack.
The freezing wraith hits you but does no damage. x3 😮 HP[+2]
You regained 2 hp, and now have 41/71 hp.
Fire: a) +8 hunting sling of Wyrd {venom, rPois Will+ Int+2, sling}
Press: ? - help, Q - select action, (/) - cycle Shift-Dir - straight line, f/p - freezing wraith
Aim: a freezing wraith (moderately damaged, haloed, 84% to hit)
You shoot a sling bullet.
The sling bullet hits the freezing wraith.
The freezing wraith barely misses you. x3
The freezing wraith closely misses you. 😮 HP[+3]
You regained 3 hp, and now have 44/71 hp.
Fire: a) +8 hunting sling of Wyrd {venom, rPois Will+ Int+2, sling}
Press: ? - help, Q - select action, (/) - cycle Shift-Dir - straight line, f/p - freezing wraith
Aim: a freezing wraith (moderately damaged, haloed, 84% to hit)
You shoot a sling bullet.
The sling bullet hits the freezing wraith.
The freezing wraith closely misses you. You block the freezing wraith's attack.
The freezing wraith hits you. The freezing wraith freezes you!!
You feel a terrible chill!
* * * LOW HITPOINT WARNING * * *
The freezing wraith hits you but does no damage.
The freezing wraith barely misses you.
The freezing wraith completely misses you. 😱 HP[-35]
You take 35 damage, and now have 9/71 hp.
MASSIVE DAMAGE!! (PAUSE)
You feel much better. You block the freezing wraith's attack.
The freezing wraith hits you but does no damage. 😮 HP[+28]
You regained 28 hp, and now have 37/71 hp.
You feel very mighty all of a sudden. The freezing wraith closely misses you.
The freezing wraith barely misses you.
The freezing wraith hits you but does no damage. x2 😮 HP[+1]
The +8 hunting sling of Wyrd {venom, rPois Will+ Int+2, sling} stops dripping with poison.
You are now empty-handed.
You hit the freezing wraith. The freezing wraith hits you!
* * * LOW HITPOINT WARNING * * *
The freezing wraith freezes you!!
You feel a terrible chill!
* * * LOW HITPOINT WARNING * * *
The freezing wraith hits you!
You die...

Skill      XL: |  1  2  3  4  5  6  7  8  9 10 11 |
---------------+----------------------------------+-----
Dodging        | 1 2 |  2.7
Unarmed Combat | 3 4 5 |  5.4
Armour         | 4 5 6 7 11 12 | 12.8
Slings         | 1 3 5 7 8 |  8.0
Fighting       | |  3.0
Shields        | |  3.0

Action                   |  1- 3 |  4- 6 |  7- 9 | 10-12 || total
-------------------------+-------+-------+-------+-------++-------
Melee: Unarmed           |   111 |    81 |     1 |    15 ||   208
 Fire: Hunting sling     |       |    47 |   266 |   184 ||   497
Evoke: Wand              |       |       |     3 |       ||     3
  Use: Potion            |       |     7 |     6 |     3 ||    16
       Scroll            |       |       |     9 |     5 ||    14
Armor: Scale mail        |    61 |    20 |    32 |       ||   113
       Skin              |       |     8 |     3 |    18 ||    29
       Plate armour      |       |       |    53 |    80 ||   133
Dodge: Dodged            |    68 |    43 |    81 |    38 ||   230
Block: Buckler           |    44 |    22 |    58 |    45 ||   169

Levels and vault maps discovered:
D:1:      roderic_dead_forest, layout_rooms, serial_glass, glass_columns_a,
          glass_columns_a, basic_ecumenical_altar, dreamdust_mushroom_princess,
          minmay_door_square, minmay_misc_feat_more_columns, nrook_mini_vaults,
          dk_noncrumbling_2, minmay_split_cup_large
D:2:      layout_basic, patterned_corridor, uniq_robin
D:3:      layout_loops_ring, vehumet_statue, serial_glass, glass_columns_b,
          glass_columns_b, glass_columns_b, glass_columns_b, glass_columns_b,
          glass_columns_a
D:4:      layout_rooms, grunt_temple_overflow_champion_of_chaos,
          mainiacjoe_overflow_big_doors, minmay_misc_feat_ornament,
          dreamdust_wishing_well
D:5:      layout_basic, minmay_temple_entry_trees, dreamdust_gnoll_farm,
          uniq_edmund
D:6:      layout_loops_cross, nicolae_specific_store
D:7:      layout_loops_ring, ashenzari_altar_1, enter_bailey_2
D:8:      layout_cave_pods, dpeg_oklobed_lair
D:9:      minmay_cornered_nines, layout_loops_ring, hiddenorc2_lemuel,
          uniq_erica

Notes
Turn   | Place    | Note
-------+----------+-------------------------------------------
     0 | D:1      | spaghetti the Djinni Fighter began the quest for the Orb.
     0 | D:1      | Reached XP level 1. HP: 20/20 MP: 0/0
     0 | D:1      | magus.rc [v1.9.6]
   191 | D:1      | Reached skill level 1 in Dodging
   191 | D:1      | Reached XP level 2. HP: 24/25 MP: 0/0
   208 | D:1      | HP: 5/25 [hobgoblin (4)]
   209 | D:1      | HP: 1/25 [hobgoblin (4)]
   218 | D:1      | HP: 1/25 [bat (1)]
   643 | D:1      | Reached XP level 3. HP: 16/30 MP: 0/0
   643 | D:1      | Learned a level 1 spell: Summon Small Mammal
   649 | D:1      | Reached skill level 2 in Dodging
  1102 | D:1      | Reached skill level 3 in Unarmed Combat
  1213 | D:1      | Found a faded altar of an unknown god.
  1418 | D:1      | Prayed at the altar of an unknown god.
  1418 | D:1      | Became a worshipper of the Shining One
  1418 | D:1      | Reached * piety under the Shining One
  1482 | D:2      | Noticed Robin
  1504 | D:2      | Killed Robin
  1505 | D:2      | Reached XP level 4. HP: 14/35 MP: 0/0
  1510 | D:2      | HP: 3/35 [hobgoblin[Robin] (6)]
  1516 | D:2      | HP: 3/35 [goblin/+0 club[Robin] (1)]
  2159 | D:2      | Reached XP level 5. HP: 40/40 MP: 0/0
  2159 | D:2      | Learned a level 2 spell: Ensorcelled Hibernation
  2858 | D:3      | Reached ** piety under the Shining One
  2859 | D:3      | Reached skill level 4 in Unarmed Combat
  2878 | D:3      | Reached skill level 4 in Armour
  2878 | D:3      | Reached XP level 6. HP: 41/46 MP: 0/0
  2977 | D:3      | Identified the +8 hunting sling of Wyrd {venom, rPois Will+
                  | Int+2}
  3558 | D:4      | Reached skill level 1 in Slings
  3638 | D:4      | Reached XP level 7. HP: 50/50 MP: 0/0
  3638 | D:4      | Learned a level 2 spell: Static Discharge
  3701 | D:4      | Reached skill level 2 in Slings
  3798 | D:4      | Found an ornate altar of the Wu Jian Council.
  3801 | D:4      | Found a hide-covered altar of Uskayaw.
  3994 | D:4      | Reached skill level 5 in Unarmed Combat
  4083 | D:4      | Found a burning altar of Makhleb.
  4086 | D:4      | Found a shimmering altar of Xom.
  4155 | D:5      | Entered Level 5 of the Dungeon
  4155 | D:5      | Noticed a water moccasin
  4164 | D:5      | Killed a water moccasin
  4174 | D:5      | Reached skill level 3 in Slings
  4174 | D:5      | Reached skill level 5 in Armour
  4201 | D:5      | Noticed Edmund
  4214 | D:5      | Killed Edmund
  4215 | D:5      | Reached XP level 8. HP: 43/56 MP: 0/0
  4272 | D:5      | Reached skill level 4 in Slings
  4463 | D:5      | Found a staircase to the Ecumenical Temple.
  4696 | D:6      | Reached *** piety under the Shining One
  4748 | D:6      | Reached skill level 6 in Armour
  4810 | D:6      | Found Ditono Exaga's Specific Store.
  4811 | D:6      | Found Elosiekh's General Store.
  4898 | D:6      | Reached skill level 5 in Slings
  4954 | D:6      | HP: 12/56 [ice beast (4)]
  4954 | D:6      | HP: 3/56 [ice beast (9)]
  5005 | D:6      | Reached XP level 9. HP: 60/60 MP: 0/0
  5005 | D:6      | Learned a level 4 spell: Summon Lightning Spire
  5249 | D:6      | Reached skill level 6 in Slings
  5474 | D:7      | Found a flagged portal.
  5608 | D:7      | Found a broken altar of Ashenzari.
  5731 | D:7      | Reached skill level 7 in Armour
  6033 | Bailey   | Entered a bailey
  6116 | Bailey   | Reached skill level 7 in Slings
  6177 | Bailey   | HP: 7/60 [orc warrior/+0 war axe (9)]
  6182 | Bailey   | Reached XP level 10. HP: 32/67 MP: 0/0
  6249 | Bailey   | Found an iron altar of Okawaru.
  6320 | D:8      | Found a staircase to the Lair.
  6342 | D:8      | Noticed a two-headed ogre
  6348 | D:8      | Killed a two-headed ogre
  6349 | D:8      | Reached skill level 8 in Slings
  6349 | D:8      | Reached skill level 9 in Armour
  6452 | D:8      | Reached **** piety under the Shining One
  7210 | D:9      | Noticed Erica
  7218 | D:9      | Killed Erica
  7219 | D:9      | Reached skill level 10 in Armour
  7248 | D:9      | Reached skill level 11 in Armour
  7262 | D:9      | Reached XP level 11. HP: 38/71 MP: 0/0
  7262 | D:9      | Learned a level 4 spell: Ice Form
  7577 | D:9      | Identified a scroll of acquirement
  7577 | D:9      | Acquired the +0 pair of gloves of Idealism {+Blink rPois
                  | Slay+3 Stlth+}
  7749 | D:9      | Reached skill level 12 in Armour
  7754 | D:9      | Found a staircase to the Orcish Mines.
  7945 | D:9      | Noticed a cyclops
  7948 | D:9      | Noticed a manticore
  7948 | D:9      | Reached ***** piety under the Shining One
  7949 | D:9      | Killed a cyclops
  7956 | D:9      | Killed a manticore
  7965 | D:9      | HP: 9/71 [freezing wraith (33)]
  7969 | D:9      | HP: 3/71 [freezing wraith (28)]
  7969 | D:9      | Slain by a freezing wraith

Vanquished Creatures
  Erica (D:9)
  A two-headed ogre (D:8)
  A cyclops (D:9)
  A manticore (D:9)
  6 yaks (D:9)
  Edmund (D:5)
  A water moccasin (D:5)
  An ice beast (D:6)
  A black bear (D:6)
  9 orc warriors
  2 ogres
  A centaur (D:8)
  6 kobold brigands (Bailey)
  2 bullfrogs
  2 necrophages
  10 wights (D:8)
  5 killer bees (D:9)
  5 howler monkeys
  A crimson imp (D:4)
  9 orc priests
  A gnoll shaman (D:5)
  7 hounds
  4 iguanas
  11 orc wizards
  Robin (D:2)
  28 gnolls
  4 adders
  A white imp (D:7)
  A worm (D:2)
  5 dart slugs
  41 orcs
  5 bats
  7 endoplasms
  7 giant cockroaches
  15 goblins
  11 hobgoblins
  2 quokkas
  8 ball pythons
  3 frilled lizards
  14 kobolds
  3 rats (D:2)
245 creatures vanquished.

Vanquished Creatures (others)
  3 fungi (D:5)
3 creatures vanquished.

Grand Total: 248 creatures vanquished

Table legend:
 A = Non-vault XP
 B = Vault XP
 C = Vault XP percentage of total XP
 D = Non-vault monster count
 E = Vault monster count
 F = Vault count percentage of total count
                 A         B        C        D         E       F
            +---------+---------+-------+---------+---------+-------
      Total |    6137 |    4162 |  40.4 |     167 |      78 |  31.8
            +---------+---------+-------+---------+---------+-------
        D:1 |      46 |      10 |  17.9 |      19 |       4 |  17.4
        D:2 |      77 |      36 |  31.9 |      17 |      13 |  43.3
        D:3 |     199 |       0 |   0.0 |      18 |       0 |   0.0
        D:4 |     339 |      50 |  12.9 |      28 |       1 |   3.4
        D:5 |     682 |     276 |  28.8 |      20 |       5 |  20.0
        D:6 |     750 |       0 |   0.0 |      18 |       0 |   0.0
        D:7 |     373 |       0 |   0.0 |      12 |       0 |   0.0
        D:8 |    1803 |       0 |   0.0 |      18 |       0 |   0.0
        D:9 |    1868 |    2533 |  57.6 |      17 |      35 |  67.3
     Bailey |       0 |    1257 | 100.0 |       0 |      20 | 100.0
            +---------+---------+-------+---------+---------+-------

Illustrated notes

Table legend:
 A = Kills in this place as a percentage of kills in entire the game.
 B = Kills by you in this place as a percentage of kills by you in the entire game.
 C = Kills by friends in this place as a percentage of kills by friends in the entire game.
 D = Other kills in this place as a percentage of other kills in the entire game.
 E = Experience gained in this place as a percentage of experience gained in the entire game.
 F = Experience gained in this place divided by the number of levels of this place that you have seen.
                   A       B       C       D       E      F
               +-------+-------+-------+-------+-------+----------------------
         Total | 100.0 | 100.0 |   N/A |   N/A | 100.0 | 1029.9
       Dungeon |  91.8 |  91.8 |   N/A |   N/A |  87.8 | 1004.7
        Bailey |   8.2 |   8.2 |   N/A |   N/A |  12.2 | 1257.0
               +-------+-------+-------+-------+-------+----------------------

Table legend: (Time is in decaauts)
 A = Elapsed time spent in this place.
 B = Non-inter-level travel time spent in this place.
 C = Inter-level travel time spent in this place.
 D = Time resting spent in this place.
 E = Time spent auto-exploring this place.
 F = Levels seen in this place.
 G = Mean time per level.
                   A        B        C        D        E       F      G
               +--------+--------+--------+--------+--------+-----+--------+
         Total |   8260 |   7894 |    366 |    399 |   5937 |  10 |  826.0 |
       Dungeon |   7952 |   7586 |    366 |    341 |   5820 |   9 |  883.6 |
        Bailey |    307 |    307 |      0 |     58 |    117 |   1 |  307.0 |
               +--------+--------+--------+--------+--------+-----+--------+

Top non-repeatable levels by time:
     D:1: 1466 daAuts
     D:2: 1420 daAuts
     D:8: 914 daAuts
     D:9: 847 daAuts
     D:6: 779 daAuts
     D:4: 674 daAuts
     D:3: 649 daAuts
     D:5: 610 daAuts
     D:7: 588 daAuts
  Bailey: 307 daAuts
